 Yiufcrawl Soup (a DCSS fork) version 1.5.2b1-yiuf-19-g91104ff (webtiles) character file.

15681 MarkovLaser the Geomancer (level 12, -4/74 HPs)
             Began as a Lava Orc Earth Elementalist on Aug 1, 2017.
             Was an Elder of Vehumet.
             Slain by a death yak (17 damage)
             ... on level 3 of the Lair of Beasts.
             The game lasted 02:00:28 (18868 turns).

MarkovLaser the Geomancer (LOEE)                   Turns: 18868, Time: 02:00:28

Health: -4/74      AC: 13    Str: 16    XL:     12   Next: 3%
Magic:  32/32      EV: 12    Int: 23    God:    Vehumet [****..]
Gold:   994        SH:  5    Dex: 11    Spells: 11/25 levels left

rFire    . . .     SeeInvis .   K - +6 scimitar "Leviticus" {slice, Str+5 Int+3}
rCold    . . .     Gourm    .   o - +0 buckler
rNeg     . . .     Faith    .   n - +2 robe {MR+}
rPois    .         Spirit   .   t - +0 helmet
rElec    .         Reflect  .   A - +0 cloak
rCorr    .         Harm     .   u - +2 pair of gloves
MR       +....                  q - +0 pair of boots
Stlth    ++........             (no amulet)
Regen    0.3/turn               p - ring of wizardry
MPRegen  0.3/turn               P - ring of magical power

@: no status effects
A: temperature effects, low MR
a: Renounce Religion


You were on level 3 of the Lair of Beasts.
You worshipped Vehumet.
Vehumet was greatly pleased with you.
You were not hungry.

You visited 3 branches of the dungeon, and saw 14 of its levels.
You also visited: Sewer, Ossuary and Volcano.

You collected 1029 gold pieces.
You spent 35 gold pieces at shops.

Inventory:

Hand Weapons
 K - the +6 scimitar "Leviticus" (weapon) {slice, Str+5 Int+3}
   (You found it on level 6 of the Dungeon)

   It inflicts extra damage upon your enemies.
   It affects your strength (+5).
   It affects your intelligence (+3).
 Q - a +0 war axe
Missiles
 y - 71 stones (quivered)
Armour
 n - a +2 robe of magic resistance (worn)
 o - a +0 buckler (worn)
 q - a +0 pair of boots (worn)
 t - a +0 helmet (worn)
 u - a +2 pair of gloves (worn)
 A - a +0 cloak (worn)
Jewellery
 p - a ring of wizardry (left hand)
 B - an uncursed ring of fire
 L - an uncursed ring of positive energy
 P - a ring of magical power (right hand)
Wands
 v - a wand of paralysis (8/24)
 E - a wand of confusion (19/48)
 W - a wand of random effects (32/48)
 Z - a wand of lightning (1/15)
Scrolls
 a - 3 scrolls of enchant weapon
 f - 10 scrolls of remove curse
 g - 2 scrolls of blinking
 h - 2 scrolls of immolation
 i - 6 scrolls of teleportation
 s - a scroll of random uselessness {unknown}
 D - a scroll of amnesia {unknown}
 G - 2 scrolls of magic mapping
 H - a scroll of fog {unknown}
 N - 2 scrolls of fear
 O - a scroll of identify
Potions
 b - 3 potions of cancellation
 e - 2 potions of resistance
 j - 10 potions of curing
 l - 5 potions of brilliance
 w - 8 potions of heal wounds
 x - 3 potions of might
 z - 6 potions of agility
 C - a potion of magic
 F - 2 potions of berserk rage
 I - 2 potions of haste
 J - a potion of invisibility
 T - a potion of flight
 U - a potion of lignification
 X - 2 potions of ambrosia
Miscellaneous
 V - a box of beasts
Comestibles
 R - 3 meat rations
 Y - a chunk of flesh


   Skills:
 - Level 1.3 Dodging
 - Level 1.5 Stealth
 - Level 4.1 Shields
 + Level 7.3 Spellcasting
 * Level 11.0 Conjurations
   Level 1.0 Transmutations
 * Level 10.9 Fire Magic
 * Level 12.0 Earth Magic


You had 11 spell levels left.
You knew the following spells:

 Your Spells              Type           Power        Failure   Level  Hunger
a - Sandblast             Erth           50 (50)      1%          1    None
b - Stone Arrow           Conj/Erth      50 (50)      1%          3    None
c - Lee's Rapid Deconstr  Erth           58 (200)     1%          5    #####..
F - Fireball              Conj/Fire      56 (200)     1%          5    #####..


Dungeon Overview and Level Annotations

Branches:
Dungeon (10/15)            Temple (1/1) D:4            Lair (3/6) D:8
 Shoals (0/4) Lair:2          Orc (0/2) D:9
  Snake: Lair:2-4    Spider: Lair:2-4

Altars:
Ashenzari
Cheibriados
Dithmenos
Elyvilon
Fedhas
Gozag
Hepliaklqana
Kikubaaqudgha
Makhleb
Nemelex Xobeh
Okawaru
Qazlal
Ru
Sif Muna
Trog
Uskayaw
Vehumet
Wu Jian
Xom
Yredelemnul
Zin
The Shining One

Shops:
D:6 *

Annotations:
D:3 1 runed door
D:10 loopi's ghost, journeyman LOFE


Message History

Drop what? 47/52 slots (_ for help) (? for menu, Esc to quit)
You drop 7 bread rations.
You drop 13 royal jellies.
Eating one of 2 chunks of flesh.
You eat one of the 2 chunks of flesh.
This raw flesh tastes terrible.
Things that are here:
a wand of lightning (?/15) x2
There is an escape hatch in the floor here.
You slide downwards.
The hatch slams shut behind you. 4 yaks and 6 death yaks come into view.
The death yak bellows! x2; The yak bellows! x2; The death yak bellows! x2
The yak bellows! x2; You hear an angry hiss.
The death yak gores you!! You block the death yak's attack.
The death yak closely misses you. You block the death yak's attack.
The death yak gores you! The yak gores you! The death yak gores you!
* * * LOW HITPOINT WARNING * * *
The death yak gores you.
* * * LOW HITPOINT WARNING * * *
The death yak gores you!
You die...

.####......♣♣.
#...#......♣.
...#...<....
#.........#
#..Y.....#
#..YY?..#
##..YYY.##
#...Y@Y..#
###..YY##.#
#...## #...#
#####


You could see 6 death yaks and 4 yaks.

Vanquished Creatures
  2 two-headed ogres
  A fire crab (Volcano)
  The ghost of MarkovLaser the Cleaver, a novice BKBe of Trog (D:7)
  A lindwurm (Volcano)
  2 molten gargoyles (Volcano)
  2 spiny frogs
  2 rime drakes
  2 komodo dragons
  A troll (D:9)
  Grinder (D:3)
  A snapping turtle (Lair:2)
  A meliai zombie (D:8)
  A yak (Lair:2)
  A basilisk (Lair:1)
  8 fire bats (Volcano)
  A human (D:7)
  4 hogs (D:7)
  2 steam dragons (Volcano)
  A wyvern (D:8)
  A hungry ghost (D:7)
  5 water moccasins
  7 porcupines
  A swamp drake (D:9)
  A black bear (D:6)
  3 sky beasts
  A necrophage (D:8)
  5 ogres
  4 phantoms
  2 ice beasts
  4 orc warriors
  3 centaurs
  5 crocodiles
  2 big kobolds (Sewer)
  2 elf zombies (D:6)
  8 bullfrogs
  4 elf skeletons (D:6)
  3 scorpions
  8 wights
  An electric eel (Lair:2)
  A howler monkey (D:7)
  6 lava snakes (Volcano)
  3 crimson imps
  2 centaur zombies
  4 hounds
  A bullfrog zombie (D:5)
  2 jellies
  7 orc priests
  Jessica (D:2)
  A centaur skeleton (D:7)
  2 human skeletons (D:6)
  10 orc wizards
  3 iguanas
  6 worker ants
  A hound zombie (D:6)
  2 hound skeletons
  8 mummies (Ossuary)
  Robin (D:2)
  A worker ant zombie (D:6)
  9 river rats (Sewer)
  18 adders
  2 oozes (D:4)
  4 adder skeletons
  5 worms
  4 dart slugs
  6 leopard geckos
  38 orcs
  5 ball pythons
  8 giant cockroaches
  2 gnoll zombies (Ossuary)
  14 goblins
  8 hobgoblins
  4 jackals (D:1)
  8 quokkas
  13 bats
  6 frilled lizards
  A giant cockroach zombie (D:5)
  3 hobgoblin zombies (Ossuary)
  A jackal zombie (D:6)
  18 kobolds
  A leopard gecko zombie (D:8)
  An orc skeleton (D:6)
  5 orc zombies
  2 quokka skeletons
  27 rats
  A fungus (Lair:2)
381 creatures vanquished.

Vanquished Creatures (others)
  A kobold (D:1)
1 creature vanquished.

Grand Total: 382 creatures vanquished

Notes
Turn   | Place    | Note
-------+----------+-------------------------------------------
     0 | D:1      | MarkovLaser the Lava Orc Earth Elementalist began the quest for the Orb.
     0 | D:1      | Reached XP level 1. HP: 13/13 MP: 3/3
   455 | D:1      | Reached XP level 2. HP: 19/19 MP: 0/5
   627 | D:1      | Found a shattered altar of Ashenzari.
  1061 | D:1      | Reached skill level 4 in Earth Magic
  1209 | D:1      | Reached XP level 3. HP: 24/24 MP: 4/6
  1214 | D:1      | Learned a level 3 spell: Stone Arrow
  1717 | D:2      | Noticed Jessica
  1721 | D:2      | Killed Jessica
  1721 | D:2      | Reached skill level 1 in Conjurations
  1797 | D:2      | Reached XP level 4. HP: 30/30 MP: 4/8
  2394 | D:2      | Noticed Robin
  2433 | D:2      | Killed Robin
  2969 | D:3      | Reached XP level 5. HP: 35/35 MP: 3/9
  2976 | D:3      | Learned a level 5 spell: Lee's Rapid Deconstruction
  3016 | D:3      | Found a glowing drain.
  3020 | Sewer    | Entered a sewer
  3477 | Sewer    | Reached skill level 5 in Earth Magic
  3847 | Sewer    | Reached XP level 6. HP: 41/41 MP: 5/11
  4341 | D:3      | Noticed Grinder
  4351 | D:3      | Killed Grinder
  4351 | D:3      | Reached skill level 6 in Earth Magic
  4351 | D:3      | Reached XP level 7. HP: 28/46 MP: 2/13
  4593 | D:3      | Found a stormy altar of Qazlal.
  5253 | D:3      | Found a runed door.
  5795 | D:4      | Found a basalt altar of Yredelemnul.
  6569 | D:4      | Learned a level 5 spell: Fireball
  6574 | D:4      | Found an opulent altar of Gozag.
  6794 | D:4      | Found an iron altar of Okawaru.
  6805 | D:4      | Reached skill level 1 in Fire Magic
  6962 | D:4      | Reached skill level 7 in Earth Magic
  7221 | D:4      | Reached XP level 8. HP: 52/52 MP: 6/14
  7620 | D:4      | Found a staircase to the Ecumenical Temple.
  7629 | Temple   | Entered the Ecumenical Temple
  7640 | Temple   | Became a worshipper of Vehumet
  7763 | D:5      | Entered Level 5 of the Dungeon
  7840 | D:5      | Reached skill level 8 in Earth Magic
  8494 | D:5      | Found a shimmering altar of Xom.
  8496 | D:5      | Found a sparkling altar of Nemelex Xobeh.
  8496 | D:5      | Found an ancient bone altar of Kikubaaqudgha.
  8714 | D:6      | Reached skill level 9 in Earth Magic
  8838 | D:6      | Reached skill level 10 in Earth Magic
  8928 | D:6      | Reached * piety under Vehumet
  8928 | D:6      | Offered knowledge of Dazzling Spray by Vehumet.
  9022 | D:6      | Found a sand-covered staircase.
  9070 | Ossuary  | Entered an ossuary
  9406 | Ossuary  | Reached XP level 9. HP: 57/57 MP: 8/15
  9686 | D:6      | Reached skill level 11 in Earth Magic
  9836 | D:6      | Reached skill level 5 in Conjurations
 10087 | D:6      | Got a transparent scimitar
 10088 | D:6      | Identified the +6 scimitar "Leviticus" {slice, Str+5 Int+3} (You found it on level 6 of the Dungeon)
 10442 | D:6      | Offered knowledge of Static Discharge by Vehumet.
 10469 | D:6      | Reached ** piety under Vehumet
 11141 | D:6      | Found a deep blue altar of Sif Muna.
 11143 | D:6      | Reached skill level 5 in Fire Magic
 11217 | D:6      | Found Raimoez's General Store.
 11246 | D:6      | Bought a scroll of fear for 35 gold pieces
 11541 | D:7      | Noticed MarkovLaser's ghost (novice BKBe)
 11579 | D:7      | Killed MarkovLaser's ghost
 11696 | D:7      | Reached XP level 10. HP: 63/63 MP: 6/16
 11981 | D:7      | Offered knowledge of Airstrike by Vehumet.
 12272 | D:7      | Reached *** piety under Vehumet
 13083 | D:8      | Got an ichor-stained falchion
 13084 | D:8      | Identified the cursed +0 falchion of the Median {antimagic, +Inv} (You found it on level 8 of the Dungeon)
 13091 | D:8      | Found a staircase to the Lair.
 13325 | D:8      | Noticed a two-headed ogre
 13335 | D:8      | Killed a two-headed ogre
 13335 | D:8      | Reached skill level 5 in Spellcasting
 13592 | D:8      | Offered knowledge of Irradiate by Vehumet.
 14605 | D:9      | Found a staircase to the Orcish Mines.
 14786 | D:9      | Found a glowing golden altar of the Shining One.
 14797 | D:9      | Found a glowing silver altar of Zin.
 14822 | D:9      | Reached **** piety under Vehumet
 14847 | D:9      | Reached XP level 11. HP: 68/68 MP: 16/20
 15343 | D:10     | Entered Level 10 of the Dungeon
 15358 | D:10     | Noticed a two-headed ogre
 15360 | D:10     | Noticed loopi's ghost (journeyman LOFE)
 15385 | D:9      | Killed a two-headed ogre
 15665 | Lair:1   | Entered Level 1 of the Lair of Beasts
 15703 | Lair:1   | Found a dark tunnel.
 15727 | Volcano  | Entered a volcano
 15870 | Volcano  | Found a radiant altar of Vehumet.
 15870 | Volcano  | Noticed a lindwurm
 15876 | Volcano  | Offered knowledge of Olgreb's Toxic Radiance by Vehumet.
 15885 | Volcano  | Killed a lindwurm
 16100 | Volcano  | Noticed a fire crab
 16110 | Volcano  | Killed a fire crab
 16110 | Volcano  | Reached skill level 10 in Conjurations
 16270 | Volcano  | Reached skill level 10 in Fire Magic
 16767 | Lair:1   | You fall through a shaft!
 18183 | Lair:2   | Found a staircase to the Shoals.
 18217 | Lair:2   | Reached XP level 12. HP: 19/74 MP: 4/22
 18756 | Lair:3   | Reached skill level 12 in Earth Magic
 18868 | Lair:3   | Noticed a death yak
 18868 | Lair:3   | Noticed a death yak
 18868 | Lair:3   | Noticed a death yak
 18868 | Lair:3   | Noticed a death yak
 18868 | Lair:3   | Noticed a death yak
 18868 | Lair:3   | Noticed a death yak
 18868 | Lair:3   | Slain by a death yak

Skill      XL: |  1  2  3  4  5  6  7  8  9 10 11 12 |
---------------+-------------------------------------+-----
Spellcasting   | 2 3 4 6 7 |  7.3
Earth Magic    | 4 5 6 7 10 11 12 | 12.0
Conjurations   | 1 3 4 7 9 10 11 | 11.0
Fire Magic     | 1 6 8 10 | 10.9
Shields        | 2 4 |  4.1
Dodging        | |  1.3
Stealth        | |  1.5
Transmutations | |  1.0

Action                   |  1- 3 |  4- 6 |  7- 9 | 10-12 || total
-------------------------+-------+-------+-------+-------++-------
Melee: Club              |    40 |    18 |       |       ||    58
       Hand axe          |       |    14 |   182 |       ||   196
       Scimitar          |       |       |    17 |    63 ||    80
 Cast: Sandblast         |    36 |   104 |    46 |    49 ||   235
       Stone Arrow       |       |    12 |   158 |   163 ||   333
       Lee's Rapid Decon |       |       |    10 |    20 ||    30
       Fireball          |       |       |       |     2 ||     2
Evoke: Wand              |       |       |       |     2 ||     2
  Use: Scroll            |       |     7 |     9 |    10 ||    26
       Potion            |       |     3 |     1 |       ||     4
 Stab: Sleeping          |       |       |     1 |     1 ||     2
       Distracted        |       |       |     1 |       ||     1
  Eat: Chunk             |     2 |     6 |    19 |    18 ||    45
       Royal jelly       |       |       |     4 |       ||     4
       Meat ration       |       |       |     1 |     1 ||     2
       Fruit             |       |       |     1 |       ||     1
Armor: Robe              |    24 |    28 |    78 |    45 ||   175
       Skin              |       |       |    12 |       ||    12
Dodge: Dodged            |    44 |    46 |   145 |    68 ||   303
Block: Buckler           |       |       |       |    27 ||    27
       Rpst.: Scimitar   |       |       |     2 |    13 ||    15
